 Dungeon Crawl Stone Soup version 0.22.1-2-g9c5b331 (webtiles) character file.

438 rafellus the Conjurer (level 6, -13/35 HPs)
             Began as a Deep Elf Conjurer on Nov 13, 2018.
             Splashed by an orc's acid (16 damage)
             ... on level 5 of the Dungeon.
             The game lasted 00:24:26 (3608 turns).

rafellus the Conjurer (Deep Elf Conjurer)           Turns: 3608, Time: 00:24:27

Health: -13/35     AC:  7    Str:  7    XL:     6   Next: 69%
Magic:  9/15       EV: 14    Int: 20    God:
Gold:   136        SH:  0    Dex: 15    Spells: 11/14 levels left

rFire    . . .     SeeInvis .   o - +0 short sword
rCold    . . .     Gourm    .   (no shield)
rNeg     . . .     Faith    .   a - +0 robe
rPois    .         Spirit   .   e - +0 helmet
rElec    .         Reflect  .   (no cloak)
rCorr    .         Harm     .   t - +0 pair of gloves
MR       .....                  (no boots)
Stlth    ++........             (no amulet)
HPRegen  0.11/turn              m - ring of flight
MPRegen  0.14/turn              n - +3 ring of protection

@: no status effects
A: no striking features
a: Evoke Flight


You were on level 5 of the Dungeon.
You were not hungry.

You visited 1 branch of the dungeon, and saw 5 of its levels.

You collected 136 gold pieces.

Inventory:

Hand Weapons
 o - a +0 short sword (weapon)
Armour
 a - a +0 robe (worn)
 e - a +0 helmet (worn)
 t - a +0 pair of gloves (worn)
Jewellery
 m - a ring of flight (left hand)
 n - a +3 ring of protection (right hand)
Wands
 s - a wand of acid (9)
Scrolls
 f - 2 scrolls of magic mapping
 h - 2 scrolls of identify {unknown}
 i - 2 scrolls of noise {unknown}
 j - a scroll of random uselessness
 q - a scroll of immolation
 v - a scroll of teleportation {unknown}
 w - a scroll of remove curse {unknown}
Potions
 b - a potion of curing
 d - a potion of might {unknown}
 g - a potion of degeneration {unknown}
 k - a potion of agility {unknown}
 l - a potion of haste {unknown}
 p - a potion of berserk rage {unknown}
 r - 2 potions of invisibility {unknown}
 x - a potion of cancellation {unknown}
Comestibles
 c - 6 rations
 u - 6 chunks of flesh


   Skills:
 + Level 2.2 Fighting
 + Level 4.2 Dodging
 - Level 2.4 Stealth
 + Level 4.9 Spellcasting
 * Level 6.4 Conjurations
 + Level 1.6 Evocations


You had 11 spell levels left.
You knew the following spells:

 Your Spells              Type           Power        Failure   Level  Hunger
a - Magic Dart            Conj           ####         1%          1    None
b - Searing Ray           Conj           ####..       1%          2    #......

Your spell library contained the following spells:

 Spells                   Type           Power        Failure   Level  Hunger
 Iskenderun's Mystic Bla  Conj           ####....     9%          4    ####...
 Dazzling Spray           Conj/Hex       ###...       10%         3    ##.....
 Force Lance              Conj/Tloc      ###.....     30%         4    ####...
 Fulminant Prism          Conj/Hex       ###.......   30%         4    ####...


Dungeon Overview and Level Annotations

Branches:
Dungeon (5/15)
 Temple: D:4-7

Altars:
Cheibriados
Yredelemnul
The Shining One

Annotations:
D:2 Terence


Message History

You see here a club.
You now have 136 gold pieces (gained 15).
You see here a club.
Things that are here:
a dagger; a robe; an orc corpse
There is a stone staircase leading up here.
You climb upwards.
The orc hits you.
The orc zaps a wand.
The bolt of acid hits you!
* * * LOW HITPOINT WARNING * * *
You are splashed with acid!
The acid burns!
* * * LOW HITPOINT WARNING * * *
There is a stone staircase leading down here.
The orc hits you but does no damage.
You climb downwards.
There is a stone staircase leading up here.
You feel better. The orc misses you.
The orc zaps a wand.
The bolt of acid hits you!
* * * LOW HITPOINT WARNING * * *
You are splashed with acid!
The acid burns!
You die...

. .. # #.#. .#
.#.#.######.
....o......
.>........#####
#..............
#...........
...####.############
.......o.@[).......#
...###############.#
#.# #.# #.# #.# #.#
#.# #.#


You could see an orc.

Vanquished Creatures
  An ogre (D:4)
  2 orc wizards
  Ijyb (D:3)
  2 worker ants (D:4)
  4 gnolls (D:3)
  3 adders
  An ooze (D:3)
  A worm (D:2)
  A dart slug (D:4)
  2 leopard geckos
  5 orcs
  A ball python (D:1)
  2 giant cockroaches
  5 goblins
  7 hobgoblins
  4 jackals (D:3)
  7 kobolds
  A quokka (D:2)
  7 bats
  7 frilled lizards
  5 rats
69 creatures vanquished.

Vanquished Creatures (others)
  A phantom (D:4)
1 creature vanquished.

Grand Total: 70 creatures vanquished

Notes
Turn   | Place    | Note
-------+----------+-------------------------------------------
     0 | D:1      | rafellus the Deep Elf Conjurer began the quest for the Orb.
     0 | D:1      | Reached XP level 1. HP: 10/10 MP: 6/6
    87 | D:1      | Reached XP level 2. HP: 15/15 MP: 1/8
   371 | D:1      | Learned a level 2 spell: Searing Ray
  1084 | D:2      | Reached XP level 3. HP: 18/20 MP: 5/9
  1144 | D:2      | Noticed Terence
  1615 | D:2      | Found a glowing golden altar of the Shining One.
  1618 | D:2      | Found a basalt altar of Yredelemnul.
  1631 | D:2      | Noticed a profane servitor
  1908 | D:3      | Reached skill level 5 in Conjurations
  2020 | D:3      | Reached skill level 1 in Fighting
  2198 | D:3      | Reached XP level 4. HP: 25/25 MP: 7/11
  2474 | D:3      | Noticed Ijyb
  2704 | D:3      | Killed Ijyb
  2704 | D:3      | Reached XP level 5. HP: 29/29 MP: 8/13
  3302 | D:4      | Noticed a phantom
  3326 | D:4      | Killed a phantom
  3326 | D:4      | Reached skill level 6 in Conjurations
  3326 | D:4      | Reached skill level 1 in Evocations
  3326 | D:4      | Reached XP level 6. HP: 19/35 MP: 0/14
  3472 | D:4      | Found a snail-covered altar of Cheibriados.
  3543 | D:5      | Entered Level 5 of the Dungeon
  3603 | D:4      | HP: 1/35 [acid (8)]
  3608 | D:5      | Splashed by an orc's acid

Skill      XL: |  1  2  3  4  5  6 |
---------------+-------------------+-----
Dodging        | 3 4 |  4.2
Conjurations   | 5 6 |  6.4
Fighting       | 1 2 |  2.2
Spellcasting   | 4 |  4.9
Evocations     | 1 |  1.6
Stealth        | |  2.4

Action                   |  1- 3 |  4- 6 || total
-------------------------+-------+-------++-------
Melee: Club              |    23 |       ||    23
       Short sword       |    56 |    52 ||   108
 Cast: Magic Dart        |    71 |    41 ||   112
       Searing Ray       |     4 |     9 ||    13
  Use: Scroll            |     5 |       ||     5
       Potion            |       |     4 ||     4
 Stab: Sleeping          |       |     4 ||     4
  Eat: Chunk             |     1 |     2 ||     3
       Ration            |     1 |     1 ||     2
Armor: Robe              |    33 |    34 ||    67
Dodge: Dodged            |    88 |    64 ||   152
